 Dungeon Crawl Stone Soup version 0.27-a0-887-gcab673c142 (webtiles) character file.

Game seed: 10748356751429216034

82 Alarkh the Insei (level 4, -1/35 HPs)
             Began as a Demonspawn Gladiator on Apr 4, 2021.
             Slain by an orc
             ... wielding a +0 falchion
              (3 damage)
             ... on level 4 of the Dungeon.
             The game lasted 00:02:08 (2049 turns).

Alarkh the Insei (Demonspawn Gladiator)             Turns: 2049, Time: 00:02:09

Health: -1/35      AC:  4    Str: 14    XL:     4   Next: 21%
Magic:  4/4        EV: 12    Int: 11    God:
Gold:   79         SH:  0    Dex: 14    Spells: 3/3 levels left

rFire    . . .     SeeInvis .     - Unarmed
rCold    . . .     Faith    .   (no shield)
rNeg     . . .     Spirit   .   a - +0 leather armour
rPois    .         Reflect  .   b - +0 helmet
rElec    .         Harm     .   (no cloak)
rCorr    +         Rampage  .   (no gloves)
Will     .....                  (no boots)
Stlth    +.........             (no amulet)
HPRegen  0.11/turn              k - ring of resist corrosion
MPRegen  0.09/turn              (no ring)

@: no status effects
A: claws 1, powered by death 1
a: no special abilities


You were on level 4 of the Dungeon.
You visited 1 branch of the dungeon, and saw 4 of its levels.

You collected 79 gold pieces.

Inventory:

Missiles
 c - 3 throwing nets (quivered)
Armour
 a - a +0 leather armour (worn)
 b - a +0 helmet (worn)
Jewellery
 k - a ring of resist corrosion (left claw)
Scrolls
 d - 3 scrolls of identify {unknown}
 e - a scroll of holy word {unknown}
 g - a scroll of vulnerability {unknown}
 h - 4 scrolls of teleportation {unknown}
 i - 2 scrolls of fear {unknown}
 j - a scroll of immolation {unknown}
 l - a scroll of magic mapping {unknown}


   Skills:
 + Level 3.0 Fighting
 - Level 1.7 Throwing
 - Level 2.6 Dodging
 * Level 4.1 Unarmed Combat


You had 3 spell levels left.
You didn't know any spells.
Your spell library was empty.

Dungeon Overview and Level Annotations

Branches:
Dungeon (4/15)
 Temple: D:4-7

Altars:
Dithmenos

Shops:
D:1 (


Innate Abilities, Weirdness & Mutations

You have sharp fingernails.
You regenerate a little health from kills.


Message History

Found a club.
The orc shouts!
The orc hits you but does no damage.
You scratch the orc.
The orc is lightly wounded.
The orc hits you with a +0 short sword. The orc barely misses you.
You claw the orc!
You kill the orc!
You closely miss the orc. The orc hits you with a +0 falchion.
The orc hits you with a +0 club. The orc closely misses you.
You scratch the orc.
The orc is heavily wounded.
The orc barely misses you. x2; The orc hits you with a +0 flail.
You are too injured to fight recklessly!
You are too injured to fight recklessly!
You claw the orc!
You kill the orc!
The orc barely misses you. The orc hits you with a +0 club.
You closely miss the orc. The orc hits you but does no damage. x2
You closely miss the orc. The orc hits you with a +0 falchion.
The orc closely misses you.
You barely miss the orc. The orc completely misses you.
The orc hits you with a +0 club.
You scratch the orc.
The orc is severely wounded.
The orc completely misses you. The orc hits you with a +0 club.
* * * LOW HITPOINT WARNING * * *
You scratch the orc but do no damage.
The orc is severely wounded.
The orc hits you but does no damage. The orc completely misses you.
You barely miss the orc.
The orc is severely wounded.
The orc hits you with a +0 falchion.
* * * LOW HITPOINT WARNING * * *
The orc hits you with a +0 club.
* * * LOW HITPOINT WARNING * * *
You closely miss the orc.
The orc is severely wounded.
The orc hits you with a +0 falchion.
You die...

#
###########+######..
#................).#
#...)..............#
#..................#
#............).....#
#.<.........@o.....+
#............o.....#
#.)....##...##+#####
#......######
#...[.... #.........
#...).....
#......##.


You could see 2 orcs.

Vanquished Creatures
  An adder (D:3)
  2 worms (D:2)
  A dart slug (D:1)
  2 orcs (D:4)
  5 ball pythons
  4 bats
  6 endoplasms
  2 giant cockroaches (D:2)
  7 goblins
  5 hobgoblins
  6 jackals
  5 kobolds
  2 quokkas (D:2)
  7 frilled lizards
  2 rats (D:1)
57 creatures vanquished.

Notes
Turn   | Place    | Note
-------+----------+-------------------------------------------
     0 | D:1      | Alarkh the Demonspawn Gladiator began the quest for the
                  | Orb.
     0 | D:1      | Reached XP level 1. HP: 16/16 MP: 1/1
   112 | D:1      | Reached skill level 3 in Unarmed Combat
   112 | D:1      | Found Voatar's Weapon Shoppe.
   142 | D:1      | Gained mutation: You regenerate a little health from kills.
                  | [demonic ancestry]
   142 | D:1      | Reached XP level 2. HP: 12/22 MP: 2/2
   332 | D:1      | Gained mutation: You have sharp fingernails. [demonic
                  | ancestry]
   332 | D:1      | Reached XP level 3. HP: 28/28 MP: 3/3
   925 | D:2      | Found a shadowy altar of Dithmenos.
  1402 | D:3      | Reached skill level 4 in Unarmed Combat
  1402 | D:3      | Reached XP level 4. HP: 34/34 MP: 4/4
  2049 | D:4      | Slain by an orc

Illustrated notes

Levels and vault maps discovered:
D:1:      evilmike_arrival_plus, layout_basic, serial_shops, shop,
          minmay_misc_feat_alley, st_stairs_4, skrybe_limestone_x
D:2:      layout_basic, basic_altar, kennysheep_small_spiral, minmay_tromino_v2
D:3:      layout_basic, serial_shops, nicolae_shop_stone,
          ebering_ecumenical_altar_hall, kennysheep_generic_room_9
D:4:      layout_gridville, vehumet_crystals, makhleb_blood_cavern_becter

Skill      XL: |  1  2  3  4 |
---------------+-------------+-----
Unarmed Combat | 3 4 |  4.1
Fighting       | 3 |  3.0
Throwing       | |  1.7
Dodging        | |  2.6

Action                   |  1- 3 |  4- 6 || total
-------------------------+-------+-------++-------
Melee: Unarmed           |   173 |    23 ||   196
       Punch             |     2 |       ||     2
  Use: Potion            |       |     2 ||     2
Armor: Leather armour    |    54 |     7 ||    61
Dodge: Dodged            |    94 |    25 ||   119

Table legend: (Time is in decaauts)
 A = Elapsed time spent in this place.
 B = Non-inter-level travel time spent in this place.
 C = Inter-level travel time spent in this place.
 D = Time resting spent in this place.
 E = Time spent auto-exploring this place.
 F = Levels seen in this place.
 G = Mean time per level.
                   A        B        C        D        E       F      G
               +--------+--------+--------+--------+--------+-----+--------+
         Total |   2039 |   1901 |    138 |    398 |   1082 |   4 |  509.8 |
       Dungeon |   2039 |   1901 |    138 |    398 |   1082 |   4 |  509.8 |
               +--------+--------+--------+--------+--------+-----+--------+

Top non-repeatable levels by time:
     D:2: 1281 daAuts
     D:1: 577 daAuts
     D:3: 157 daAuts
     D:4: 23 daAuts
